 Dungeon Crawl Stone Soup version 0.28-a0-653-g7e9dba17c3 (webtiles) character file.

Game seed: 13091245730358297831

749 Gargoyl the Skirmisher (level 7, -1/60 HPs)
             Began as a Gnoll Abyssal Knight on Oct 12, 2021.
             Was a Believer of Lugonu.
             Slain by an ogre (16 damage)
             ... on level 5 of the Dungeon.
             The game lasted 00:05:54 (5525 turns).

Gargoyl the Skirmisher (Gnoll Abyssal Knight)       Turns: 5525, Time: 00:05:55

Health: -1/60      AC: 13    Str: 15    XL:     7   Next: 78%
Magic:  11/11      EV:  5    Int:  9    God:    Lugonu [**....]
Gold:   1271       SH:  4    Dex: 12    Spells: 11/11 levels left

rFire   . . .      SeeInvis .   a - +2 hand axe
rCold   . . .      Faith    .   (no shield)
rNeg    . . .      Spirit   .   j - +0 plate armour
rPois   .          Reflect  .   (no helmet)
rElec   .          Harm     .   (no cloak)
rCorr   .          Rampage  .   g - +0 pair of gloves
Will    .....                   (no boots)
Stlth   ..........              (no amulet)
HPRegen 0.20/turn               (no ring)
MPRegen 0.12/turn               (no ring)

@: no status effects
A: fangs 1, strong nose, distributed training, large bone plates 1, MP-powered
wands
a: Renounce Religion, Depart the Abyss, Bend Space


You were on level 5 of the Dungeon.
You worshipped Lugonu.
Lugonu was pleased with you.
You visited 1 branch of the dungeon, and saw 5 of its levels.
You visited the Abyss 1 time.

You collected 1271 gold pieces.

Inventory:

Hand Weapons
 a - a +2 hand axe (weapon)
 n - a +0 club
Armour
 g - a +0 pair of gloves (worn)
 j - a +0 plate armour (worn)
Wands
 k - a wand of iceblast (6) (quivered)
 o - a wand of polymorph (13)
Scrolls
 e - 3 scrolls of identify
 m - 3 scrolls of teleportation
 r - a scroll of vulnerability {unknown}
Potions
 b - 2 potions of curing
 c - 2 potions of magic {unknown}
 d - 2 potions of degeneration {unknown}
 f - 2 potions of resistance {unknown}
 h - a potion of lignification {unknown}
 i - a potion of heal wounds {unknown}
 l - a potion of haste {unknown}
 p - a potion of attraction {unknown}


   Skills:
 + Level 7.1 Fighting
 + Level 2.7 Short Blades
 + Level 2.7 Long Blades
 + Level 5.3 Axes
 + Level 2.7 Maces & Flails
 + Level 2.7 Polearms
 + Level 2.7 Staves
 + Level 2.7 Slings
 + Level 2.7 Bows
 + Level 2.7 Crossbows
 + Level 2.7 Throwing
 + Level 5.3 Armour
 + Level 3.8 Dodging
 + Level 2.7 Stealth
 + Level 2.7 Shields
 + Level 2.7 Unarmed Combat
 + Level 2.7 Spellcasting
 + Level 2.2 Conjurations
 + Level 2.2 Hexes
 + Level 2.2 Summonings
 + Level 2.2 Necromancy
 + Level 2.2 Translocations
 + Level 2.2 Transmutations
 + Level 2.2 Fire Magic
 + Level 2.2 Ice Magic
 + Level 2.2 Air Magic
 + Level 2.2 Earth Magic
 + Level 2.2 Poison Magic
 + Level 5.5 Invocations
 + Level 2.7 Evocations


You had 11 spell levels left.
You didn't know any spells.
Your spell library contained the following spells:

 Spells                   Type           Power      Damage    Failure   Level
 Sandblast                Erth           10%        2d5       100%        1
 Passwall                 Tmut/Erth      4%         N/A       100%        2
 Inner Flame              Hex/Fire       5%         N/A       100%        3
 Stone Arrow              Conj/Erth      10%        3d7       100%        3
 Cause Fear               Hex            2%         N/A       100%        4
 Discord                  Hex            2%         N/A       100%        8


Dungeon Overview and Level Annotations

Branches:
Dungeon (5/15)
 Temple: D:4-7

Altars:
Zin

Annotations:
D:5 1 runed translucent door


Innate Abilities, Weirdness & Mutations

You have very sharp teeth.
Your uncanny sense of smell can sniff out nearby items.
Your experience applies equally to all skills.
You are partially covered in large bone plates. (SH +4)
You expend magic power (3 MP) to strengthen your wands.


Message History

You climb upwards.
There is a stone staircase leading down here.
You closely miss the orc priest. Your bite misses the orc priest.
The orc priest is heavily wounded.
The orc priest barely misses you.
Your plate armour prevents you from hitting the orc priest.
The orc priest is heavily wounded.
The orc priest hits you but does no damage.
You hit the orc priest.
The orc priest is almost dead.
The orc priest hits you with a +0 dagger.
You hit the orc priest.
The orc priest is almost dead.
The orc priest hits you with a +0 dagger.
You hit the orc priest but do no damage.
The orc priest is almost dead.
The orc priest begins to cast a cantrip, but forgets the words!
You hit the orc priest.
You kill the orc priest!
Lugonu accepts your kill.
Things that are here:
a +0 dagger; an orc corpse; a sky beast corpse
There is a stone staircase leading down here.
You start resting.
HP restored.
You climb downwards.
Level annotation: 1 runed translucent door The orc hits you but does no damage.
The white imp laughs crazily.
The ogre hits you with a +0 giant spiked club!
The orc wizard points at you and mumbles some strange words.
The magic dart hits you. The ogre hits you with a +0 giant club.
The orc barely misses you. The white imp gestures at you.
The puff of frost hits you!
There is a stone staircase leading up, spattered with blood here.
The ogre hits you with a +0 giant spiked club!
* * * LOW HITPOINT WARNING * * *
The ogre hits you with a +0 giant club!
You die...

...............
.............[.. .....
....##.......... .....
.....#.......... #.....
.....g........#.##......
...#.#.......###.#......
......l.................
...###.........O.O......
.l###...........@....5o.
...##.....#.....o.......
...#....###....###......
gO###....#...#. ......
...##.#.###..# .....
..l#.....#..# ..##.
..gYOO.<....# ..
............o# ...
#..#...........


You could see 2 ogres, an orc wizard, a white imp and an orc.

Vanquished Creatures
  A sky beast (D:4)
  A centaur (D:4)
  A phantom (D:4)
  A scorpion (D:4)
  A bullfrog zombie (D:3)
  3 hounds (D:4)
  An orc priest (D:4)
  An orc wizard (D:3)
  2 gnolls (D:4)
  4 adders
  2 worms
  A dart slug (D:3)
  10 orcs
  8 ball pythons
  4 bats
  12 endoplasms
  7 giant cockroaches
  7 goblins
  6 hobgoblins
  2 jackals (D:1)
  3 kobolds (D:4)
  3 quokkas
  4 frilled lizards
  8 rats
93 creatures vanquished.

Vanquished Creatures (others)
  2 orcs (D:3)
  4 fungi (D:1)
6 creatures vanquished.

Grand Total: 99 creatures vanquished

Notes
Turn   | Place    | Note
-------+----------+-------------------------------------------
     0 | Abyss:1  | Gargoyl the Gnoll Abyssal Knight began the quest for the
                  | Orb.
     0 | Abyss:1  | Reached XP level 1. HP: 23/23 MP: 3/3
    90 | Abyss:2  | Noticed a shining eye
    90 | Abyss:2  | Gained mutation: You have hidden genetic potential. [a
                  | shining eye]
    94 | Abyss:2  | Noticed a small abomination
   104 | Abyss:2  | Found a shimmering blue altar of Sif Muna.
   107 | Abyss:2  | Noticed a hellwing
   109 | Abyss:2  | Noticed a thrashing horror
   111 | Abyss:2  | Noticed a small abomination
   115 | D:1      | Escaped the Abyss
   575 | D:1      | Reached XP level 2. HP: 25/29 MP: 5/5
   587 | D:1      | Gained mutation: You are partially covered in large bone
                  | plates. (SH +4) [hidden potential]
   934 | D:1      | Reached * piety under Lugonu
  1097 | D:1      | Found a faded altar of an unknown god.
  1152 | D:1      | Reached XP level 3. HP: 35/35 MP: 6/6
  1163 | D:1      | Gained mutation: You expend magic power (3 MP) to
                  | strengthen your wands. [hidden potential]
  1163 | D:1      | Lost mutation: You have hidden genetic potential. [hidden
                  | potential expressed]
  1798 | D:2      | Reached skill level 1 in Short Blades
  1798 | D:2      | Reached skill level 1 in Long Blades
  1798 | D:2      | Reached skill level 1 in Maces & Flails
  1798 | D:2      | Reached skill level 1 in Polearms
  1798 | D:2      | Reached skill level 1 in Staves
  1798 | D:2      | Reached skill level 1 in Slings
  1798 | D:2      | Reached skill level 1 in Bows
  1798 | D:2      | Reached skill level 1 in Crossbows
  1798 | D:2      | Reached skill level 1 in Throwing
  1798 | D:2      | Reached skill level 1 in Stealth
  1798 | D:2      | Reached skill level 1 in Shields
  1798 | D:2      | Reached skill level 1 in Unarmed Combat
  1798 | D:2      | Reached skill level 1 in Spellcasting
  1798 | D:2      | Reached skill level 1 in Evocations
  2095 | D:3      | Reached XP level 4. HP: 31/41 MP: 7/7
  2181 | D:3      | Reached skill level 1 in Conjurations
  2181 | D:3      | Reached skill level 1 in Hexes
  2181 | D:3      | Reached skill level 1 in Summonings
  2181 | D:3      | Reached skill level 1 in Necromancy
  2181 | D:3      | Reached skill level 1 in Translocations
  2181 | D:3      | Reached skill level 1 in Transmutations
  2181 | D:3      | Reached skill level 1 in Fire Magic
  2181 | D:3      | Reached skill level 1 in Ice Magic
  2181 | D:3      | Reached skill level 1 in Air Magic
  2181 | D:3      | Reached skill level 1 in Earth Magic
  2181 | D:3      | Reached skill level 1 in Poison Magic
  2407 | D:3      | Reached ** piety under Lugonu
  2544 | D:3      | Found a glowing silver altar of Zin.
  2698 | D:3      | Reached XP level 5. HP: 47/47 MP: 8/8
  4030 | D:4      | Noticed a centaur
  4041 | D:4      | Killed a centaur
  4042 | D:4      | Reached skill level 5 in Invocations
  4042 | D:4      | Reached XP level 6. HP: 17/53 MP: 9/9
  4337 | D:4      | Reached skill level 5 in Axes
  4337 | D:4      | Reached skill level 5 in Armour
  4694 | D:4      | Reached *** piety under Lugonu
  4709 | D:5      | Entered Level 5 of the Dungeon
  4710 | D:5      | Identified a scroll of acquirement
  4710 | D:5      | Acquired 1066 gold pieces
  4760 | D:5      | Found a runed translucent door.
  5006 | D:4      | Reached skill level 7 in Fighting
  5006 | D:4      | Reached XP level 7. HP: 28/60 MP: 10/10
  5525 | D:5      | Slain by an ogre

Illustrated notes

Levels and vault maps discovered:
D:1:      dpeg_arrival_solitude, layout_loops_corners,
          hellmonk_ecumenical_altar_inner_sanctum, minmay_shallow_snake_nest
D:2:      layout_basic
D:3:      layout_basic, zin_statuary
D:4:      layout_cave_pods
D:5:      black_bear_nest_2, layout_cave_pools, ebering_ghost_sewer_d

Skill      XL: |  1  2  3  4  5  6  7 |
---------------+----------------------+-----
Short Blades   | 1 2 |  2.7
Long Blades    | 1 2 |  2.7
Maces & Flails | 1 2 |  2.7
Polearms       | 1 2 |  2.7
Staves         | 1 2 |  2.7
Slings         | 1 2 |  2.7
Bows           | 1 2 |  2.7
Crossbows      | 1 2 |  2.7
Throwing       | 1 2 |  2.7
Stealth        | 1 2 |  2.7
Shields        | 1 2 |  2.7
Unarmed Combat | 1 2 |  2.7
Spellcasting   | 1 2 |  2.7
Evocations     | 1 2 |  2.7
Conjurations   | 1 2 |  2.2
Hexes          | 1 2 |  2.2
Summonings     | 1 2 |  2.2
Necromancy     | 1 2 |  2.2
Translocations | 1 2 |  2.2
Transmutations | 1 2 |  2.2
Fire Magic     | 1 2 |  2.2
Ice Magic      | 1 2 |  2.2
Air Magic      | 1 2 |  2.2
Earth Magic    | 1 2 |  2.2
Poison Magic   | 1 2 |  2.2
Dodging        | 3 |  3.8
Invocations    | 5 |  5.5
Axes           | 5 |  5.3
Armour         | 5 |  5.3
Fighting       | 7 |  7.1

Action                   |  1- 3 |  4- 6 |  7- 9 || total
-------------------------+-------+-------+-------++-------
Melee: Hand axe          |    90 |   197 |    34 ||   321
       Bite              |     3 |    16 |     4 ||    23
       Punch             |       |     1 |       ||     1
Invok: Depart the Abyss  |     1 |       |       ||     1
       Bend Space        |       |       |     1 ||     1
       Banish            |       |       |     1 ||     1
Evoke: Wand              |       |     1 |       ||     1
  Use: Scroll            |     6 |     2 |       ||     8
       Potion            |     1 |       |       ||     1
Armor: Chain mail        |    45 |       |       ||    45
       Plate armour      |    20 |   125 |    31 ||   176
Dodge: Dodged            |    39 |    50 |    13 ||   102
Block: Other             |    14 |    40 |     4 ||    58

Table legend: (Time is in decaauts)
 A = Elapsed time spent in this place.
 B = Non-inter-level travel time spent in this place.
 C = Inter-level travel time spent in this place.
 D = Time resting spent in this place.
 E = Time spent auto-exploring this place.
 F = Levels seen in this place.
 G = Mean time per level.
                   A        B        C        D        E       F      G
               +--------+--------+--------+--------+--------+-----+--------+
         Total |   5549 |   5471 |     78 |    777 |   3662 |   7 |  792.7 |
       Dungeon |   5434 |   5356 |     78 |    777 |   3624 |   5 | 1086.8 |
         Abyss |    114 |    114 |      0 |      0 |     38 |   2 |   57.0 |
               +--------+--------+--------+--------+--------+-----+--------+

Top non-repeatable levels by time:
     D:4: 1860 daAuts
     D:3: 1481 daAuts
     D:1: 1253 daAuts
     D:2: 702 daAuts
     D:5: 136 daAuts
 Abyss:2: 93 daAuts
 Abyss:1: 21 daAuts
